APL (24 & UNDER)
SCOTTSDALE SCORPIONS @ NASHUA REDLEGS
07/12/2027
 
TOP OF THE 1ST
Scottsdale Scorpions batting - Pitching for Nashua Redlegs : RHP José Córdova
Pitching: RHP José Córdova
Batting: LHB José Garza 0-0: Called Strike
0-1: Swinging Strike
0-2: SINGLE (Line Drive, 56D)
Batting: LHB Alberto Roberts 0-0: Called Strike
0-1: Called Strike
0-2: Ball
José Garza steals 2nd base
1-2: Ball
2-2: Strikes out swinging
Batting: SHB Ralph Robison 0-0: Called Strike
0-1: Foul Ball, location: 2F
0-2: Ball
1-2: Ball
2-2: Ball
3-2: SINGLE (Line Drive, 7S)
José Garza to third
Batting: RHB Edgardo Gonzáles 0-0: Ball
1-0: Foul Ball, location: 2F
1-1: Foul Ball, location: 2F
1-2: Strikes out swinging
Batting: RHB Ronald Smith 0-0: SINGLE (Groundball, 34S) (infield hit)
José Garza scores
Ralph Robison to second
Batting: RHB Jaime Delgado 0-0: Fly out, F4 (Line Drive, 4)
Top of the 1st over - 1 run(s), 3 hit(s), 0 error(s), 2 left on base; Scottsdale 1 - Nashua 0
BOTTOM OF THE 1ST
Nashua Redlegs batting - Pitching for Scottsdale Scorpions : LHP Eric Fisher
Pitching: LHP Eric Fisher
Batting: RHB António López 0-0: SINGLE (Line Drive, 8RS)
Batting: RHB Dave Warren 0-0: Ball
1-0: Ball
2-0: Swinging Strike
2-1: Called Strike
2-2: Foul Ball, location: 2F
2-2: Foul Ball, location: 2F
2-2: Foul Ball, location: 2F
2-2: Strikes out looking
Batting: RHB Eleuterio Supardo 0-0: Ball
1-0: Ball
2-0: Grounds into double play, 5-4-3 (Groundball, 56)
Bottom of the 1st over - 0 run(s), 1 hit(s), 0 error(s), 0 left on base; Scottsdale 1 - Nashua 0
TOP OF THE 2ND
Scottsdale Scorpions batting - Pitching for Nashua Redlegs : RHP José Córdova
Batting: LHB Frank Vázquez 0-0: DOUBLE (Line Drive, 5D)
Batting: RHB Miguel Ramos 0-0: Swinging Strike
0-1: Ball
1-1: SINGLE (Flyball, 9S)
Frank Vázquez to third
Batting: SHB Luis López 0-0: Foul Ball, location: 2F
0-1: Foul Ball, location: 2F
0-2: Strikes out swinging
Batting: LHB José Garza 0-0: Ball
Miguel Ramos steals 2nd base
1-0: Foul Ball, location: 2F
1-1: Swinging Strike
1-2: Ball
2-2: SINGLE (Line Drive, 6MD)
Frank Vázquez scores
Miguel Ramos to third
Runner from 3rd tries for Home, SAFE, no throw
Batting: LHB Alberto Roberts 0-0: SINGLE (Groundball, 4MD)
José Garza to second
Batting: SHB Ralph Robison 0-0: Ball
1-0: Called Strike
1-1: Ball
2-1: Fly out, F7 (Flyball, 7LSF)
Batting: RHB Edgardo Gonzáles 0-0: Ball
1-0: SINGLE (Groundball, 56) (infield hit)
José Garza to third
Alberto Roberts to second
Batting: RHB Ronald Smith 0-0: Called Strike
0-1: DOUBLE (Flyball, 78D)
José Garza scores
Alberto Roberts scores
Edgardo Gonzáles to third
Batting: RHB Jaime Delgado 0-0: Ground out 5-3 (Groundball, 56)
Top of the 2nd over - 4 run(s), 6 hit(s), 0 error(s), 2 left on base; Scottsdale 5 - Nashua 0
BOTTOM OF THE 2ND
Nashua Redlegs batting - Pitching for Scottsdale Scorpions : LHP Eric Fisher
Batting: RHB Joe Noble 0-0: Swinging Strike
0-1: Called Strike
0-2: Ball
1-2: Fly out, F8 (Flyball, 8RM)
Batting: RHB Jorge Valenzuela 0-0: Ball
1-0: Called Strike
1-1: Ball
2-1: Ground out 3-1 (Groundball, 34)
Batting: RHB Artie Turner 0-0: Ground out 6-3 (Groundball, 6)
Bottom of the 2nd over - 0 run(s), 0 hit(s), 0 error(s), 0 left on base; Scottsdale 5 - Nashua 0
TOP OF THE 3RD
Scottsdale Scorpions batting - Pitching for Nashua Redlegs : RHP José Córdova
Batting: LHB Frank Vázquez 0-0: Foul Ball, location: 2F
0-1: Swinging Strike
0-2: Strikes out swinging
Batting: RHB Miguel Ramos 0-0: DOUBLE (Line Drive, 7LM)
Batting: SHB Luis López 0-0: Ball
1-0: Called Strike
1-1: Ball
2-1: SINGLE (Line Drive, 9LM)
Miguel Ramos to third
Runner from 3rd tries for Home, SAFE, no throw
Batting: LHB José Garza 0-0: Called Strike
0-1: Ball
1-1: Called Strike
1-2: SINGLE (Groundball, 23) (infield hit)
Luis López to second
Batting: LHB Alberto Roberts 0-0: Ball
1-0: Fly out, F8 (Flyball, 8LS)
Batting: SHB Ralph Robison 0-0: Ball
1-0: Foul Ball, location: 2F
1-1: Foul Ball, location: 2F
1-2: Ball
2-2: Strikes out swinging
Top of the 3rd over - 1 run(s), 3 hit(s), 0 error(s), 2 left on base; Scottsdale 6 - Nashua 0
BOTTOM OF THE 3RD
Nashua Redlegs batting - Pitching for Scottsdale Scorpions : LHP Eric Fisher
Batting: RHB Bob Fitzgerald 0-0: Ground out 6-3 (Groundball, 6)
Batting: RHB Spencer Pritchett 0-0: Ball
1-0: Ball
2-0: SINGLE (Groundball, 34D)
Batting: RHB Jason Patrick 0-0: Ball
1-0: Ball
Spencer Pritchett steals 2nd base
2-0: Ball
3-0: Base on Balls
Batting: RHB António López 0-0: Ball
1-0: Foul Ball, location: 2F
1-1: Foul Ball, location: 2F
1-2: Ball
2-2: Strikes out swinging
Batting: RHB Dave Warren 0-0: Ball
1-0: Ball
2-0: Fly out, F8 (Flyball, 8LM)
Bottom of the 3rd over - 0 run(s), 1 hit(s), 0 error(s), 2 left on base; Scottsdale 6 - Nashua 0
TOP OF THE 4TH
Scottsdale Scorpions batting - Pitching for Nashua Redlegs : RHP José Córdova
Batting: RHB Edgardo Gonzáles 0-0: Swinging Strike
0-1: Fly out, F3 (Popup, 3L)
Batting: RHB Ronald Smith 0-0: Swinging Strike
0-1: Ball
1-1: Fly out, F8 (Flyball, 8LXD)
Batting: RHB Jaime Delgado 0-0: Ball
1-0: Called Strike
1-1: Ground out 4-3 (Groundball, 4)
Top of the 4th over - 0 run(s), 0 hit(s), 0 error(s), 0 left on base; Scottsdale 6 - Nashua 0
BOTTOM OF THE 4TH
Nashua Redlegs batting - Pitching for Scottsdale Scorpions : LHP Eric Fisher
Batting: RHB Eleuterio Supardo 0-0: Ball
1-0: SINGLE (Groundball, 4MD)
Batting: RHB Joe Noble 0-0: Called Strike
0-1: Ground out 3-1 (Groundball, 3)
Eleuterio Supardo to second
Batting: RHB Jorge Valenzuela 0-0: SINGLE (Line Drive, 34)
Eleuterio Supardo to third
Batting: RHB Artie Turner 0-0: Swinging Strike
0-1: Ball
1-1: Ball
2-1: Ball
3-1: Fly out, F7 (Flyball, 7S)
Batting: RHB Bob Fitzgerald 0-0: Ball
1-0: Ball
2-0: Called Strike
2-1: Foul Ball, location: 2F
2-2: Reached via error on a dropped throw, E4
Eleuterio Supardo scores
Jorge Valenzuela to second
Batting: RHB Spencer Pritchett 0-0: Ground out 5-3 (Groundball, 56S)
Bottom of the 4th over - 1 run(s), 2 hit(s), 1 error(s), 2 left on base; Scottsdale 6 - Nashua 1
TOP OF THE 5TH
Scottsdale Scorpions batting - Pitching for Nashua Redlegs : RHP José Córdova
Pitching: RHP Nakamaro Uenohara
Batting: LHB Frank Vázquez 0-0: Ball
1-0: Ball
2-0: Ball
3-0: Base on Balls
Batting: RHB Miguel Ramos 0-0: Ball
1-0: Swinging Strike
1-1: Ball
2-1: Fly out, F9 (Line Drive, 9)
Batting: SHB Luis López 0-0: Swinging Strike
0-1: Foul Ball, location: 2F
0-2: Foul Ball, location: 2F
0-2: Foul Ball, location: 2F
0-2: Foul Ball, location: 2F
0-2: Foul Ball, location: 2F
0-2: Ball
1-2: Foul Ball, location: 2F
1-2: Fly out, F7 (Flyball, 78M)
Batting: LHB José Garza 0-0: Called Strike
0-1: Called Strike
0-2: Ball
1-2: Strikes out looking
Top of the 5th over - 0 run(s), 0 hit(s), 0 error(s), 1 left on base; Scottsdale 6 - Nashua 1
BOTTOM OF THE 5TH
Nashua Redlegs batting - Pitching for Scottsdale Scorpions : LHP Eric Fisher
Batting: RHB Jason Patrick 0-0: Foul Ball, location: 2F
0-1: Called Strike
0-2: Ball
1-2: Ball
2-2: Strikes out looking
Batting: RHB António López 0-0: Foul Ball, location: 2F
0-1: Foul Ball, location: 2F
0-2: Ball
1-2: Reached via error on a dropped throw, E3
Batting: RHB Dave Warren 0-0: Called Strike
0-1: Ball
António López steals 2nd base
1-1: SINGLE (Line Drive, 8LS)
António López to third
Runner from 3rd tries for Home, SAFE, no throw
Batting: RHB Eleuterio Supardo 0-0: Called Strike
0-1: Ball
1-1: Called Strike
1-2: Ball
2-2: Foul Ball, location: 2F
2-2: DOUBLE (Line Drive, 89M)
Dave Warren to third
Runner from 3rd tries for Home, SAFE, no throw
Batting: RHB Joe Noble 0-0: SINGLE (Groundball, 4MD)
Eleuterio Supardo to third
Batting: RHB Jorge Valenzuela 0-0: Ball
1-0: Ball
2-0: Ball
3-0: Called Strike
3-1: Grounds into double play, 5-4-3 (Groundball, 56)
Bottom of the 5th over - 2 run(s), 3 hit(s), 1 error(s), 1 left on base; Scottsdale 6 - Nashua 3
TOP OF THE 6TH
Scottsdale Scorpions batting - Pitching for Nashua Redlegs : RHP Nakamaro Uenohara
Batting: LHB Alberto Roberts 0-0: Ball
1-0: Called Strike
1-1: Called Strike
1-2: Foul Ball, location: 2F
1-2: Ball
2-2: Strikes out swinging
Batting: SHB Ralph Robison 0-0: Ball
1-0: Foul Ball, location: 2F
1-1: Ball
2-1: Swinging Strike
2-2: Strikes out swinging
Batting: RHB Edgardo Gonzáles 0-0: Ball
1-0: Ground out 4-3 (Groundball, 4MS)
Top of the 6th over - 0 run(s), 0 hit(s), 0 error(s), 0 left on base; Scottsdale 6 - Nashua 3
BOTTOM OF THE 6TH
Nashua Redlegs batting - Pitching for Scottsdale Scorpions : LHP Eric Fisher
Batting: RHB Artie Turner 0-0: Foul Ball, location: 2F
0-1: Foul Ball, location: 2F
0-2: Ball
1-2: Strikes out swinging
Batting: RHB Bob Fitzgerald 0-0: Called Strike
0-1: Called Strike
0-2: Foul Ball, location: 2F
0-2: Foul Ball, location: 2F
0-2: Ball
1-2: Strikes out swinging
Batting: RHB Spencer Pritchett 0-0: Called Strike
0-1: Ball
1-1: Swinging Strike
1-2: Ball
2-2: Ball
3-2: Strikes out looking
Bottom of the 6th over - 0 run(s), 0 hit(s), 0 error(s), 0 left on base; Scottsdale 6 - Nashua 3
TOP OF THE 7TH
Scottsdale Scorpions batting - Pitching for Nashua Redlegs : RHP Nakamaro Uenohara
Batting: RHB Ronald Smith 0-0: Foul Ball, location: 2F
0-1: DOUBLE (Flyball, 89M)
Batting: RHB Jaime Delgado 0-0: Ball
1-0: Called Strike
1-1: Ball
2-1: Ball
3-1: Ball
Batting: LHB Frank Vázquez 0-0: Swinging Strike
0-1: Swinging Strike
0-2: Foul Ball, location: 2F
0-2: Ball
1-2: Foul Ball, location: 2F
1-2: Ball
2-2: SINGLE (Groundball, 4MD)
Ronald Smith to third
Jaime Delgado to second
Pinch Hitting: RHB Sergio Domínguez 0-0: Ball
1-0: Foul Ball, location: 2F
1-1: Ball
2-1: Called Strike
2-2: Foul Ball, location: 2F
2-2: Strikes out swinging
Pinch Hitting: LHB Sergio Fernández 0-0: Called Strike
0-1: Fly out, F9 (Flyball, 9S)
Pitching: RHP Samuel Farrell
Batting: LHB José Garza 0-0: Ball
1-0: SINGLE (Groundball, 34D)
Ronald Smith scores
Jaime Delgado to third
Frank Vázquez to second
Runner from 3rd tries for Home, SAFE, no throw
Batting: LHB Alberto Roberts 0-0: Called Strike
0-1: Ball
1-1: Ball
Wild Pitch!
Frank Vázquez to third
José Garza to second
2-1: Called Strike
2-2: Foul Ball, location: 2F
2-2: Strikes out swinging
Top of the 7th over - 2 run(s), 3 hit(s), 0 error(s), 2 left on base; Scottsdale 8 - Nashua 3
BOTTOM OF THE 7TH
Nashua Redlegs batting - Pitching for Scottsdale Scorpions : LHP Eric Fisher
Pitching: RHP Julian Corbitt
Now at SS: Ricardo Gutiérrez
Now in RF: Justin Holland
Batting: RHB Jason Patrick 0-0: Swinging Strike
0-1: Called Strike
0-2: Ball
1-2: Strikes out swinging
Batting: RHB António López 0-0: Called Strike
0-1: Ball
1-1: Ball
2-1: Ball
3-1: Base on Balls
Batting: RHB Dave Warren 0-0: Called Strike
0-1: Fielders Choice at 2nd, 6-4 (Groundball, 56)
Batting: RHB Eleuterio Supardo 0-0: Swinging Strike
0-1: SINGLE (Line Drive, 34D)
Dave Warren to second
Batting: RHB Joe Noble 0-0: Called Strike
0-1: SINGLE (Line Drive, 78S)
Dave Warren to third
Eleuterio Supardo to second
Runner from 3rd tries for Home, SAFE, throw made home
Batting: RHB Jorge Valenzuela 0-0: Called Strike
0-1: Ball
1-1: Ball
2-1: Ball
3-1: Called Strike
3-2: Foul Ball, location: 2F
3-2: Strikes out looking
Bottom of the 7th over - 1 run(s), 2 hit(s), 0 error(s), 2 left on base; Scottsdale 8 - Nashua 4
TOP OF THE 8TH
Scottsdale Scorpions batting - Pitching for Nashua Redlegs : RHP Samuel Farrell
Batting: SHB Ralph Robison 0-0: Ball
1-0: Called Strike
1-1: Ball
2-1: Called Strike
2-2: Foul Ball, location: 2F
2-2: Foul Ball, location: 2F
2-2: Ball
3-2: Foul Ball, location: 2F
3-2: Foul Ball, location: 2F
3-2: Foul Ball, location: 2F
3-2: Base on Balls
Batting: RHB Edgardo Gonzáles 0-0: Ball
1-0: Called Strike
1-1: Ball
2-1: Swinging Strike
2-2: Ball
3-2: Grounds into double play, 1-6-3 (Groundball, P)
Batting: RHB Ronald Smith 0-0: Ball
1-0: Ball
2-0: Called Strike
2-1: Fly out, F9 (Flyball, 9S)
Top of the 8th over - 0 run(s), 0 hit(s), 0 error(s), 0 left on base; Scottsdale 8 - Nashua 4
BOTTOM OF THE 8TH
Nashua Redlegs batting - Pitching for Scottsdale Scorpions : RHP Julian Corbitt
Batting: RHB Artie Turner 0-0: Called Strike
0-1: Swinging Strike
0-2: Ball
1-2: Foul Ball, location: 2F
1-2: Ball
2-2: Ball
3-2: Strikes out swinging
Batting: RHB Bob Fitzgerald 0-0: Ball
1-0: Ball
2-0: Ball
3-0: Base on Balls
Batting: RHB Spencer Pritchett 0-0: Ball
1-0: Swinging Strike
1-1: Ball
2-1: Foul Ball, location: 2F
2-2: Strikes out swinging
Batting: RHB Jason Patrick 0-0: Called Strike
0-1: Ground out 5-3 (Groundball, 56S)
Bottom of the 8th over - 0 run(s), 0 hit(s), 0 error(s), 1 left on base; Scottsdale 8 - Nashua 4
TOP OF THE 9TH
Scottsdale Scorpions batting - Pitching for Nashua Redlegs : RHP Samuel Farrell
Pitching: RHP Juan Sánchez
Batting: RHB Jaime Delgado 0-0: Ball
1-0: Foul Ball, location: 2F
1-1: Ball
2-1: Foul Ball, location: 2F
2-2: Strikes out looking
Batting: LHB Frank Vázquez 0-0: Foul Ball, location: 2F
0-1: Swinging Strike
0-2: Fly out, F2 (Popup, 23)
Batting: RHB Ricardo Gutiérrez 0-0: Ball
1-0: Ball
2-0: Called Strike
2-1: Ground out 6-3 (Groundball, 6)
Top of the 9th over - 0 run(s), 0 hit(s), 0 error(s), 0 left on base; Scottsdale 8 - Nashua 4
BOTTOM OF THE 9TH
Nashua Redlegs batting - Pitching for Scottsdale Scorpions : RHP Julian Corbitt
Batting: RHB António López 0-0: Ball
1-0: Called Strike
1-1: Ball
2-1: Called Strike
2-2: Foul Ball, location: 2F
2-2: Ball
3-2: Base on Balls
Batting: RHB Dave Warren 0-0: Called Strike
0-1: Ball
1-1: Foul Ball, location: 2F
1-2: Ball
2-2: SINGLE (Line Drive, 7S)
António López to second
Pitching: RHP Jesús Ramírez
Batting: RHB Eleuterio Supardo 0-0: Ball
1-0: Ball
2-0: Foul Ball, location: 2F
2-1: Ball
3-1: Base on Balls
António López to third
Dave Warren to second
Batting: RHB Joe Noble 0-0: Called Strike
0-1: Swinging Strike
0-2: Foul Ball, location: 2F
0-2: Ball
1-2: Ball
2-2: Foul Ball, location: 2F
2-2: Fly out, F8 (Flyball, 8RM)
Runner from 3rd tags up, SCORES, no throw
Pinch Hitting: RHB Currito Campos 0-0: Called Strike
0-1: Ball
1-1: Ball
2-1: Fielders Choice at 2nd, 5-4 (Groundball, 56)
Dave Warren to third
Pinch Hitting: RHB Gilberto León 0-0: Fly out, F5 (Popup, 5D)
Bottom of the 9th over - 1 run(s), 1 hit(s), 0 error(s), 2 left on base; Scottsdale 8 - Nashua 5
Thursday, March 30th, 2017 - OOTP Baseball 17.12 Build 75